 Dungeon Crawl Stone Soup version 0.27-a0-1579-g97d2440184 (webtiles) character file.

Game seed: 14548438905160953870

87 Zonian the Conjurer (level 4, -1/21 HPs)
             Began as a Vine Stalker Conjurer on July 17, 2021.
             Slain by Robin (7 damage)
             ... on level 3 of the Dungeon.
             The game lasted 00:03:40 (2463 turns).

Zonian the Conjurer (Vine Stalker Conjurer)         Turns: 2463, Time: 00:03:40

Health: -1/21      AC:  2    Str: 10    XL:     4   Next: 51%
Magic:  0/9        EV: 12    Int: 18    God:
Gold:   82         SH:  0    Dex: 13    Spells: 8/9 levels left

rFire    . . .     SeeInvis .   b - +1 dagger (venom)
rCold    . . .     Faith    .   (no shield)
rNeg     . . .     Spirit   +   a - +0 robe
rPois    .         Reflect  .   (no helmet)
rElec    .         Harm     .   (no cloak)
rCorr    .         Rampage  .   (no gloves)
Will     .....                  (no boots)
Stlth    ++........             (no amulet)
HPRegen  1.07/turn              (no ring)
MPRegen  0.11/turn              (no ring)

@: no status effects
A: fangs 2, regeneration 1, magic shield, antimagic bite, no potion heal 2
a: no special abilities


You were on level 3 of the Dungeon.
You visited 1 branch of the dungeon, and saw 3 of its levels.

You collected 82 gold pieces.

Inventory:

Hand Weapons
 b - a +1 dagger of venom (weapon)
 c - a +0 short sword of protection
 d - a +0 dagger of venom
 h - a +0 hunting sling
Missiles
 g - 19 sling bullets
Armour
 a - a +0 robe (worn)
Potions
 e - a potion of mutation
 f - a potion of brilliance {unknown}


   Skills:
 + Level 1.8 Dodging
 + Level 3.1 Stealth
 + Level 3.1 Spellcasting
 + Level 5.0 Conjurations


You had 8 spell levels left.
You knew the following spells:

 Your Spells              Type           Power      Damage    Failure   Level
a - Magic Dart            Conj           80%        1d7       1%          1

Your spell library contained the following spells:

 Spells                   Type           Power      Damage    Failure   Level
 Searing Ray              Conj           40%        3d4       3%          2
 Dazzling Flash           Conj/Hex       22%        N/A       17%         3
 Ensorcelled Hibernation  Hex/Ice        4%         N/A       24%         2
 Spider Form              Tmut/Pois      1%         N/A       43%         3
 Fulminant Prism          Conj/Hex       5%         3d7       50%         4
 Iskenderun's Mystic Bla  Conj/Tloc      11%        2d4       50%         4
 Shadow Creatures         Summ           N/A        N/A       100%        6


Dungeon Overview and Level Annotations

Branches:
Dungeon (2/15)

Altars:

Annotations:
D:3 Robin


Innate Abilities, Weirdness & Mutations

You have extremely sharp teeth.
Your natural rate of healing is unusually fast.
When hurt, damage is shared between your health and your magic reserves.
Your bite disrupts and absorbs the magic of your enemies.
Potions cannot restore your health.


Message History

You kill the gnoll!
Your Stealth skill increases to level 3!
You hit the hobgoblin but do no damage.
The hobgoblin is poisoned.
The hobgoblin closely misses you.
Unknown command.
You hit the hobgoblin.
The hobgoblin looks as sick as possible!
The hobgoblin is severely wounded.
Robin roars a battlecry!
The hobgoblin goes into a battle-frenzy!
The hobgoblin misses you.
You hit the hobgoblin.
You kill the hobgoblin!
You closely miss the hobgoblin.
Robin hits you from afar with a +0 spear.
The hobgoblin closely misses you.
You barely miss the hobgoblin. Your bite misses the hobgoblin.
Robin hits you from afar with a +0 spear.
The hobgoblin closely misses you.
You hit the hobgoblin.
The hobgoblin is poisoned.
The hobgoblin is severely wounded.
Robin closely misses you. The hobgoblin hits you!
* * * LOW HITPOINT WARNING * * *
You hit the hobgoblin but do no damage.
The hobgoblin looks as sick as possible!
The hobgoblin is almost dead.
You kill the hobgoblin!
Robin hits you from afar with a +0 spear.
* * * LOW HITPOINT WARNING * * *
Unknown command.
Casting: Magic Dart (safe; 1% risk of failure)
Confirm with . or Enter, or press ? or * to list all spells.
Aiming: Magic Dart (safe; 1% risk of failure)
Press: ? - help, Shift-Dir - straight line, f - Robin
Aim: Robin, wielding a +0 spear, wearing a +0 animal skin and wearing a +0 helmet (100% to hit)
The magic dart hits Robin.
Robin is moderately wounded.
Robin barely misses you. Robin hits you with a +0 spear!
You die...

.............#.# #..# #..#
...............# #..# #..#
#..............#####..# #..#
......................# #..#
#..............#####..# #..#
##...........#####g.####..#
#....###.#.gg.gl.gg.g.g..#
#.##....###g##g#####S.####g.#
........))..##@# #..# #..#
#.##....######)# #..g. .g...
. #....# #.# ##..###gg###
......... #+# #... ...#
!......... ...###..#
........... ...# .##
..g#........ ...#.###..... ..
.. ......


You could see Robin and 2 hobgoblins.

Vanquished Creatures
  3 gnolls (D:3)
  A worm (D:2)
  A dart slug (D:1)
  3 ball pythons
  3 endoplasms
  3 giant cockroaches
  8 goblins
  7 hobgoblins
  4 kobolds
  3 quokkas
  3 bats
  3 frilled lizards
  2 rats (D:1)
44 creatures vanquished.

Notes
Turn   | Place    | Note
-------+----------+-------------------------------------------
     0 | D:1      | Zonian the Vine Stalker Conjurer began the quest for the
                  | Orb.
     0 | D:1      | Reached XP level 1. HP: 9/9 MP: 4/4
   289 | D:1      | Reached XP level 2. HP: 13/13 MP: 1/6
  1059 | D:1      | Reached XP level 3. HP: 14/16 MP: 0/7
  2289 | D:2      | You fall into a shaft and drop 1 floor!
  2333 | D:3      | Gained mutation: Your natural rate of healing is unusually
                  | fast. [Vine Stalker growth]
  2333 | D:3      | Reached XP level 4. HP: 6/21 MP: 1/9
  2414 | D:3      | Noticed Robin
  2437 | D:3      | Reached skill level 5 in Conjurations
  2463 | D:3      | Slain by Robin

Illustrated notes

Levels and vault maps discovered:
D:1:      dpeg_arrival_erosion, layout_loops_ring
D:2:      layout_basic
D:3:      minmay_door_path, layout_basic, grunt_dithmenos_smoke_and_mirrors,
          uniq_robin

Skill      XL: |  1  2  3  4 |
---------------+-------------+-----
Spellcasting   | 3 |  3.1
Conjurations   | 5 |  5.0
Stealth        | 3 |  3.1
Dodging        | |  1.8

Action                   |  1- 3 |  4- 6 || total
-------------------------+-------+-------++-------
Melee: Unarmed           |     2 |       ||     2
       Dagger            |    17 |    26 ||    43
       Bite              |     3 |     5 ||     8
 Cast: Magic Dart        |    70 |     4 ||    74
  Use: Scroll            |     2 |       ||     2
 Stab: Sleeping          |     2 |       ||     2
Armor: Robe              |     4 |     2 ||     6
Dodge: Dodged            |    12 |    20 ||    32

Table legend: (Time is in decaauts)
 A = Elapsed time spent in this place.
 B = Non-inter-level travel time spent in this place.
 C = Inter-level travel time spent in this place.
 D = Time resting spent in this place.
 E = Time spent auto-exploring this place.
 F = Levels seen in this place.
 G = Mean time per level.
                   A        B        C        D        E       F      G
               +--------+--------+--------+--------+--------+-----+--------+
         Total |   2462 |   2413 |     49 |    999 |   1087 |   3 |  820.7 |
       Dungeon |   2462 |   2413 |     49 |    999 |   1087 |   3 |  820.7 |
               +--------+--------+--------+--------+--------+-----+--------+

Top non-repeatable levels by time:
     D:1: 1561 daAuts
     D:2: 726 daAuts
     D:3: 173 daAuts
